 Dungeon Crawl Stone Soup version 0.26-a0-1058-g8dc6ce00ff (webtiles) character file.

Game seed: 8754211099007348452

5100 KristoblXynda the Carver (level 10, 0/89 HPs)
             Began as a Pale Draconian Gladiator on Dec 13, 2020.
             Was a Believer of Ashenzari.
             Slain by an orc warrior (18 damage)
             ... in a bailey.
             The game lasted 00:14:07 (9998 turns).

KristoblXynda the Carver (Pale Draconian Gladiator) Turns: 9998, Time: 00:14:07

Health: 0/89       AC: 10    Str: 17    XL:     10   Next: 32%
Magic:  10/10      EV: 15    Int: 12    God:    Ashenzari [**....]
Gold:   560        SH:  5    Dex: 12    Spells: 9/9 levels left

rFire    . . .     SeeInvis .   q - +0 scimitar
rCold    . . .     Faith    .   a - +0 buckler (curse)
rNeg     . . .     Spirit   .   (armour unavailable)
rPois    .         Reflect  .   b - +0 hat (curse)
rElec    .         Harm     .   p - +0 cloak
rCorr    .         Rampage  .   (no gloves)
Will     +....                  w - +1 pair of boots {Fly} (curse)
Stlth    +.........             (no amulet)
HPRegen  0.24/turn              v - ring of willpower (curse)
MPRegen  0.12/turn              (no ring)

@: short of breath, flying, lightly drained
A: breathe steam, unfitting armour, cold-blooded, AC +7
a: Breathe Steam, Curse Item, Scrying, Renounce Religion, Stop Flying


You were in a bailey.
You worshipped Ashenzari.
Ashenzari was pleased with you.
You visited 2 branches of the dungeon, and saw 11 of its levels.
You also visited: Bailey.

You collected 560 gold pieces.

Inventory:

Hand Weapons
 q - a +0 scimitar (weapon)
Missiles
 c - 3 throwing nets (quivered)
Armour
 a - a cursed +0 buckler (worn)
 b - a cursed +0 hat (worn)
 p - a +0 cloak (worn)
 w - a cursed +1 pair of boots of flying (worn)
Jewellery
 v - a cursed ring of willpower (left hand)
Wands
 y - a wand of iceblast (14)
Scrolls
 f - a scroll of blinking
 g - a scroll of immolation
 j - 5 scrolls of remove curse
 k - 5 scrolls of teleportation
 o - a scroll of summoning {unknown}
 r - 5 scrolls of enchant weapon
 t - a scroll of magic mapping
 x - 2 scrolls of fear
Potions
 e - 3 potions of curing
 h - 4 potions of lignification
 i - a potion of brilliance
 m - 2 potions of mutation
 n - 2 potions of might
 s - a potion of heal wounds
 u - a potion of invisibility


   Skills:
 + Level 8.3(8.2) Fighting
 + Level 10.5(10.3) Long Blades
 - Level 2.0(1.8) Throwing
 + Level 7.2(7.1) Dodging
 - Level 4.0(5.2) Shields
 + Level 2.6(2.5) Evocations


You had 9 spell levels left.
You didn't know any spells.
Your spell library contained the following spells:

 Spells                   Type           Power        Failure   Level
 Corona                   Hex            #......      32%         1
 Magic Dart               Conj           #...         32%         1
 Ensorcelled Hibernation  Hex/Ice        #.....       45%         2
 Searing Ray              Conj           #.....       45%         2
 Confusing Touch          Hex            #.......     69%         3
 Dazzling Flash           Conj/Hex       #.....       69%         3
 Tukima's Dance           Hex            #.......     69%         3
 Fulminant Prism          Conj/Hex       #.........   97%         4
 Iskenderun's Mystic Bla  Conj/Tloc      #.......     97%         4


Dungeon Overview and Level Annotations

Branches:
Dungeon (10/15)            Temple (1/1) D:7          Bailey (1/1)
   Lair: D:8-11         Orc: D:9-12

Altars:
Ashenzari
Cheibriados
Dithmenos
Elyvilon
Fedhas
Gozag
Hepliaklqana
Kikubaaqudgha
Makhleb
Nemelex Xobeh
Okawaru
Qazlal
Ru
Sif Muna
Trog
Uskayaw
Vehumet
Wu Jian
Xom
Yredelemnul
Zin
The Shining One


Innate Abilities, Weirdness & Mutations

You can breathe blasts of scalding, opaque steam.
Your pale cyan-grey scales are hard. (AC +7)
You cannot fit into any form of body armour.
You are cold-blooded and may be slowed by cold attacks.


Message History

The orc warrior hits you.
The orc warrior shoots a bolt.
The bolt misses you.
The orc warrior wields a +0 arbalest.
The orc warrior shoots a bolt.
The bolt completely misses you.
The orc warrior unwields a +0 arbalest.
The orc warrior hits you but does no damage.
There is an empty arch of ancient stone here.
The orc knight no longer looks unusually strong.
The orc knight roars a battlecry!
The orc knight goes into a battle-frenzy!
The orc knight roars a battlecry!
The orc knight goes into a battle-frenzy!
The orc warrior hits you.
The orc warrior shoots a bolt.
The bolt hits you!
* * * LOW HITPOINT WARNING * * *
You see here a bolt.
Evoke which item? (* to show all) (? for menu, Esc to quit)
Aiming: Iceblast
Press: ? - help, Shift-Dir - straight line, p - orc warrior The mass of ice explodes!
The iceblast engulfs the orc warrior!
The orc warrior is almost dead.
The orc warrior hits you!!
You die...

* ### * ,
####*##∩## #####
....##...##.....
≈≈≈..#...#..≈≈≈.,
≈o≈≈..(....≈≈o≈≈
.oo≈....(..≈oo.≈
≈o≈≈....(o.≈≈o≈≈
*
≈≈≈..#o.(#..≈≈≈.,
.o.. #@∩.##.o...
, * * ##* ##∩##
##### * ** ###


You could see 2 orc knights and 3 orc warriors.

Vanquished Creatures
  A two-headed ogre (D:9)
  Maggie (D:9)
  Joseph (D:9)
  A wraith (D:9)
  Menkaure (D:6)
  Duvessa (D:5)
  A sky beast (D:6)
  2 orc warriors (D:6)
  2 ice beasts
  3 phantoms
  4 ogres
  Blork the orc (D:6)
  10 bullfrogs
  A gnoll sergeant (D:6)
  Dowan (D:5)
  A water moccasin zombie (D:8)
  5 killer bees (D:7)
  A scorpion (D:6)
  3 wights (D:10)
  A crimson imp (D:8)
  2 howler monkeys
  2 hounds
  3 bullfrog skeletons
  2 jellies
  A centaur skeleton (D:5)
  4 orc priests
  7 orc wizards
  Ijyb (D:5)
  An iguana (D:5)
  6 worker ants
  3 gnolls (D:6)
  10 adders
  4 white imps
  2 ufetubi
  An ooze (D:1)
  An adder skeleton (D:4)
  2 worms (D:3)
  6 dart slugs
  3 leopard geckos
  32 orcs
  A ball python (D:2)
  6 giant cockroaches
  7 goblins
  6 hobgoblins
  24 jackals
  A quokka (D:5)
  11 bats
  5 frilled lizards
  A jackal zombie (D:7)
  9 kobolds
  A leopard gecko skeleton (D:4)
  6 rats
213 creatures vanquished.

Notes
Turn   | Place    | Note
-------+----------+-------------------------------------------
     0 | D:1      | KristoblXynda the Draconian Gladiator began the quest for
                  | the Orb.
     0 | D:1      | Reached XP level 1. HP: 17/17 MP: 1/1
    33 | D:1      | Reached XP level 2. HP: 10/25 MP: 2/2
   502 | D:1      | Reached XP level 3. HP: 24/30 MP: 3/3
   989 | D:2      | Found a glowing silver altar of Zin.
  1127 | D:2      | Reached skill level 4 in Long Blades
  1127 | D:2      | Reached XP level 4. HP: 28/38 MP: 4/4
  1259 | D:2      | Found a white marble altar of Elyvilon.
  1803 | D:2      | Found a stormy altar of Qazlal.
  2422 | D:3      | Reached XP level 5. HP: 45/45 MP: 5/5
  2609 | D:3      | Found a glowing golden altar of the Shining One.
  2733 | D:3      | Found a hide-covered altar of Uskayaw.
  2738 | D:3      | Found a radiant altar of Vehumet.
  2738 | D:3      | Found a blossoming altar of Fedhas.
  2741 | D:3      | Found a hazy altar of Hepliaklqana.
  2742 | D:3      | Found a shadowy altar of Dithmenos.
  3207 | D:4      | Noticed an ogre
  3212 | D:4      | Killed an ogre
  3213 | D:4      | Reached skill level 5 in Long Blades
  3370 | D:4      | Found a broken altar of Ashenzari.
  3376 | D:4      | Reached XP level 6. HP: 50/52 MP: 6/6
  3382 | D:4      | Became a worshipper of Ashenzari the Shackled
  3943 | D:5      | Entered Level 5 of the Dungeon
  3956 | D:5      | Found a bloodstained altar of Trog.
  3958 | D:5      | Noticed Duvessa
  3959 | D:5      | Noticed Dowan
  3978 | D:5      | Killed Duvessa
  3983 | D:5      | Killed Dowan
  3984 | D:5      | Reached skill level 6 in Long Blades
  3984 | D:5      | Your scales start taking on a pale cyan-grey colour.
  3984 | D:5      | Reached XP level 7. HP: 55/60 MP: 7/7
  4116 | D:5      | Reached skill level 5 in Fighting
  4188 | D:5      | Noticed Ijyb
  4205 | D:5      | Killed Ijyb
  4218 | D:5      | Reached skill level 7 in Long Blades
  4782 | D:6      | Reached skill level 5 in Dodging
  4782 | D:6      | Reached XP level 8. HP: 52/69 MP: 8/8
  5028 | D:6      | Found a basalt altar of Yredelemnul.
  5321 | D:6      | Reached skill level 8 in Long Blades
  5670 | D:6      | Found a snail-covered altar of Cheibriados.
  5672 | D:6      | Noticed Blork the orc
  5688 | D:6      | Killed Blork the orc
  5702 | D:6      | Reached skill level 1 in Shields
  5786 | D:6      | Reached * piety under Ashenzari
  5803 | D:6      | Noticed Menkaure
  5811 | D:6      | Killed Menkaure
  5830 | D:6      | Reached XP level 9. HP: 38/78 MP: 9/9
  6464 | D:7      | Reached skill level 9 in Long Blades
  6718 | D:7      | Found a staircase to the Ecumenical Temple.
  6727 | Temple   | Entered the Ecumenical Temple
  7695 | D:7      | Found a glowing golden altar of the Shining One.
  8339 | D:8      | Found a burning altar of Makhleb.
  8340 | D:8      | Found a shimmering altar of Xom.
  8529 | D:9      | Noticed a two-headed ogre
  8534 | D:9      | Killed a two-headed ogre
  8535 | D:9      | Reached skill level 10 in Long Blades
  8735 | D:9      | Noticed Joseph
  8756 | D:9      | Killed Joseph
  8757 | D:9      | Reached skill level 1 in Evocations
  8757 | D:9      | Reached XP level 10. HP: 24/88 MP: 10/10
  9180 | D:9      | Reached ** piety under Ashenzari
  9372 | D:9      | Noticed Maggie
  9381 | D:9      | Killed Maggie
  9575 | D:9      | Identified a scroll of acquirement
  9575 | D:9      | Acquired a cursed +0 pair of boots of flying
  9886 | D:10     | Entered Level 10 of the Dungeon
  9942 | D:10     | Found a flagged portal.
  9983 | Bailey   | Entered a bailey
  9983 | Bailey   | Noticed an orc knight
  9983 | Bailey   | Noticed an orc knight
  9984 | Bailey   | Noticed an orc knight
  9984 | Bailey   | Noticed an orc knight
  9998 | Bailey   | Slain by an orc warrior

Illustrated notes

Levels and vault maps discovered:
D:1:      minmay_arrival_shattered_statue, layout_basic
D:2:      layout_rooms, lemuel_round_altar, elyvilon_altar_1,
          grunt_qazlal_clouds
D:3:      layout_loops_corners, minitemple
D:4:      layout_loops_ring, cheibrodos_ashenzari_chains,
          hangedman_abyss_or_decor_jellyfish_corner
D:5:      lemuel_ice_spiral_2, layout_basic, trog_three_pillars_becter,
          uniq_ijyb, uniq_duvessa
D:6:      layout_cave_pools, nicolae_overflow_crystal_walls,
          cheibriados_altar_2, due_unseen_surprise, uniq_blork_the_orc,
          uniq_menkaure
D:7:      layout_basic, minmay_temple_entry_crystal_x,
          ebering_dispersal_statue_hall, minivault_19, tso_altar
D:8:      layout_loops_ring, grunt_temple_overflow_champion_of_chaos,
          minivault_21, minivault_22
D:9:      layout_loops_ring, uniq_joseph, uniq_maggie
D:10:     layout_irregular_city, enter_bailey_3
Temple:   jpeg_temple_island
Bailey:   bailey_polearm_4, bailey

Skill      XL: |  1  2  3  4  5  6  7  8  9 10 |
---------------+-------------------------------+-----
Throwing       | 2 |  2.0
Dodging        | 3 4 5 6 7 |  7.2
Fighting       | 3 4 5 6 7 8 |  8.3
Long Blades    | 4 5 6 7 8 10 | 10.5
Shields        | 1 4 |  4.0
Evocations     | 1 2 |  2.6

Action                   |  1- 3 |  4- 6 |  7- 9 | 10-12 || total
-------------------------+-------+-------+-------+-------++-------
Melee: Long sword        |    88 |   145 |    85 |       ||   318
       Tailslap          |    16 |    27 |    43 |    14 ||   100
       Scimitar          |       |       |   209 |    76 ||   285
Invok: Curse Item        |       |     1 |     2 |       ||     3
 Abil: Breathe Steam     |       |       |    27 |     5 ||    32
Evoke: Wand              |       |       |       |     1 ||     1
  Use: Scroll            |     3 |     6 |     9 |     4 ||    22
       Potion            |       |     1 |     2 |       ||     3
 Stab: Sleeping          |     1 |     2 |       |       ||     3
Armor: Skin              |    32 |    45 |    82 |    31 ||   190
Dodge: Dodged            |    74 |   128 |   221 |    73 ||   496
Block: Buckler           |       |       |    17 |    30 ||    47
       Rpst.: Long sword |    27 |    53 |    18 |       ||    98
       Scimitar          |       |       |    44 |    12 ||    56

Table legend: (Time is in decaauts)
 A = Elapsed time spent in this place.
 B = Non-inter-level travel time spent in this place.
 C = Inter-level travel time spent in this place.
 D = Time resting spent in this place.
 E = Time spent auto-exploring this place.
 F = Levels seen in this place.
 G = Mean time per level.
                   A        B        C        D        E       F      G
               +--------+--------+--------+--------+--------+-----+--------+
         Total |  10078 |   9848 |    230 |   3106 |   4952 |  12 |  839.8 |
       Dungeon |   9803 |   9597 |    206 |   3106 |   4718 |  10 |  980.3 |
        Temple |    261 |    237 |     24 |      0 |    234 |   1 |  261.0 |
        Bailey |     14 |     14 |      0 |      0 |      0 |   1 |   14.0 |
               +--------+--------+--------+--------+--------+-----+--------+

Top non-repeatable levels by time:
     D:6: 1629 daAuts
     D:9: 1361 daAuts
     D:3: 1162 daAuts
     D:7: 1104 daAuts
     D:2: 1008 daAuts
     D:1: 994 daAuts
     D:5: 824 daAuts
     D:4: 819 daAuts
     D:8: 806 daAuts
  Temple: 261 daAuts
    D:10: 92 daAuts
  Bailey: 14 daAuts
